 Dungeon Crawl Stone Soup version 0.32-a0-558-g233958a4c4 (webtiles) character file.

Game seed: 803709570460745320

7 zenocrate the Ruffian (level 2, 21/24 HPs)
             Began as a Ghoul Gladiator on Feb 29, 2024.
             Quit the game on level 1 of the Dungeon.
             The game lasted 00:01:26 (275 turns).

zenocrate the Ruffian (Ghoul Gladiator)              Turns: 275, Time: 00:01:27

Health: 21/24      AC:  4    Str: 17    XL:     2   Next: 4%
Magic:  2/2        EV: 12    Int:  7    God:
Gold:   25         SH:  0    Dex: 10    Spells: 1/1 levels left

rFire   . .          .
                       - Unarmed
rCold   + . .        (no shield)
rNeg    + + +        a - +0 leather armour
rPois   ∞            b - +0 helmet
rElec   .            (no cloak)
rCorr   .            (no gloves)
SInv    .            (no boots)
Will    .....        (no amulet)
Stlth   +            (no ring)
HPRegen 0.00/turn    (no ring)
MPRegen 0.08/turn

%: no passive effects
@: inhibited regen
A: claws 1, cold resistance 1, negative energy resistance 3, inhibited
regeneration, torment resistance 2, devour on kill
a: no special abilities


You were on level 1 of the Dungeon.
You visited 1 branch of the dungeon, and saw 1 of its levels.

You collected 25 gold pieces.

Inventory:

Missiles
 c - 3 throwing nets (quivered)
 d - a javelin
Armour
 a - a +0 leather armour (worn)
 b - a +0 helmet (worn)


   Skills:
 - Level 2.1 Fighting
 - Level 1.7 Throwing
 - Level 2.6 Dodging
 + Level 3.9 Unarmed Combat


You had one spell level left.
You didn't know any spells.
Your spell library was empty.

Dungeon Overview and Level Annotations

Branches:
Dungeon (1/15)

Altars:

Shops:
D:1 [(([


Innate Abilities, Weirdness & Mutations

You are immune to poison.
You have sharp fingernails.
Your flesh is cold resistant. (rC+)
You are immune to negative energy. (rN+++)
You do not regenerate when monsters are visible.
You are immune to unholy pain and torment.
You thrive by killing the living.


Message History

A hobgoblin is nearby!
You claw the hobgoblin!
You kill the hobgoblin!
Found a stone staircase leading down.
No target in view!
No target in view!
Found Pyimm's Antique Weapon Boutique.
No target in view!
A jackal comes into view.
The jackal barks!
A jackal is nearby!
A jackal comes into view.
The jackal barks!
A jackal comes into view.
There are monsters nearby!
The jackal barks!
You scratch the jackal.
The jackal is almost dead.
The jackal bites you.
You closely miss the jackal.
The jackal is almost dead.
The jackal closely misses you. The jackal barely misses you.
You scratch the jackal.
You kill the jackal!
You have reached level 2!
Welcome back, zenocrate the Ghoul Gladiator.
Press ? for a list of commands and other information.
You aren't carrying any scrolls.
Unknown command.
You closely miss the jackal. The jackal barely misses you.
You closely miss the jackal. The jackal barely misses you.
The jackal closely misses you.
Are you sure you want to abandon this character and quit the game? (Confirm with "yes".)
Okay, then.
You don't know any spells.
Unknown command.
Unknown command.
Unknown command.
Unknown command.
Are you sure you want to abandon this character and quit the game? (Confirm with "yes".)

.≈.#....##..#.#..#
.≈.#.##.##.#...#.# .
##>#.##.##........ .. #
#...........#.# ...
#.............# ....
#+####.#####..... .....
#.# #.# #.###
......##.####.#
.....hh@......#
###.########### # # #
####
.....♣P..P.♣.###########
..## P
♣P.PPPP♣P.♣P.#.....†...#
#.##


You could see 2 jackals.

Vanquished Creatures
  A ball python (D:1)
  A giant cockroach (D:1)
  A hobgoblin (D:1)
  A jackal (D:1)
  A quokka (D:1)
  A kobold (D:1)
6 creatures vanquished.

Notes
Turn   | Place    | Note
-------+----------+-------------------------------------------
     0 | D:1      | zenocrate the Ghoul Gladiator began the quest for the Orb.
     0 | D:1      | Reached XP level 1. HP: 17/17 MP: 1/1
    30 | D:1      | Found Cuedd's Armour Shop.
   120 | D:1      | Found Coleumur's Weapon Boutique.
   165 | D:1      | Found Gakitiu's Antique Armour Shop.
   213 | D:1      | Noticed an eye of devastation
   221 | D:1      | Noticed a shining eye
   222 | D:1      | Found a faded altar of an unknown god.
   226 | D:1      | Noticed a shining eye
   226 | D:1      | Noticed a great orb of eyes
   253 | D:1      | Found Pyimm's Antique Weapon Boutique.
   272 | D:1      | Reached XP level 2. HP: 21/24 MP: 2/2
   272 | D:1      | Upgraded the game from 0.32-a0-540-g866d13106e to
                  | 0.32-a0-558-g233958a4c4
   275 | D:1      | Quit the game

Illustrated notes

Levels and vault maps discovered:
D:1:      minmay_arrival_arboretum_small, layout_loops_ring, serial_shops,
          nicolae_shop_window_shopping, nicolae_shop_tiny_statue_garden,
          nicolae_shop_hallway_stairs, nicolae_shop_hallway_plus,
          nicolae_shop_just_a_little_nook,
          hellmonk_ecumenical_altar_watching_god,
          nicolae_concentric_dashed_squares_wild

Action                     || total
---------------------------++-------
  Melee: Unarmed           ||    22
 Armour: Leather armour    ||    11
  Dodge: Dodged            ||    17

Table legend: (Time is in decaauts)
 A = Elapsed time spent in this place.
 B = Non-inter-level travel time spent in this place.
 C = Inter-level travel time spent in this place.
 D = Time resting spent in this place.
 E = Time spent auto-exploring this place.
 F = Levels seen in this place.
 G = Mean time per level.
                   A        B        C        D        E       F      G
               +--------+--------+--------+--------+--------+-----+--------+
         Total |    273 |    273 |      0 |      0 |    218 |   1 |  273.0 |
       Dungeon |    273 |    273 |      0 |      0 |    218 |   1 |  273.0 |
               +--------+--------+--------+--------+--------+-----+--------+

Top non-repeatable levels by time:
     D:1: 273 daAuts
